Map: Blackpink LE

Players

Graveyard - Winner!

  • Race: Zerg Zerg
  • League: Diamond
  • Spawn Location: 1:00

Hillel

  • Race: Zerg Zerg
  • League: Diamond
  • Spawn Location: 7:00

VOD

Have the link to the VOD?

Description

Time

  • Played on: April 7, 2018, 8:01 p.m.
  • Length: 13:05
Show
View Real Time Build Order
Export as new Build Order

Graveyard Zerg - Winner!

Build Orders: Hatch First, Lurkers 

Get SALT Encoding   

  12  0:00  Drone  
  13  0:09  Drone  
  14  0:19  Extractor  
  14  0:20  Extractor  
  12  0:21  Drone x2  
  12  0:28  Overlord  
  16  0:46  Drone  
  17  0:56  Drone, Hatchery  
  17  1:01  Extractor  
  16  1:12  Spawning Pool  
  16  1:16  Drone  
  16  1:19  Drone  
  17  1:28  Drone x2  
  19  1:38  Overlord  
  19  2:02  Queen  
  19  2:03  Zergling x4  
  19  2:08  Queen  
  25  2:10  Zergling x2  
  25  2:12  Drone  
  27  2:18  Metabolic Boost  
  27  2:27  Baneling Nest  
  27  2:28  Drone  
  27  2:33  Drone  
  27  2:35  Drone  
  29  2:40  Drone  
  29  2:43  Drone  
  29  2:44  Drone  
  32  2:52  Drone  
  33  3:04  Hatchery  
  32  3:07  Drone  
  32  3:12  Zergling x4  
  35  3:13  Drone  
  36  3:26  Overlord  
  36  3:36  Spine Crawler  
  35  3:42  Evolution Chamber  
  35  3:46  Spine Crawler  
  35  3:47  Baneling x4  
  33  3:50  Drone x5  
  33  3:52  Evolution Chamber  
  33  3:54  Drone  
  38  4:02  Overlord x2  
  38  4:17  Drone x4  
  42  4:26  Drone x2  
  42  4:29  Drone x4  
  48  4:31  Queen  
  48  4:36  Baneling x2  
  50  4:44  Extractor  
  49  4:50  Drone x8  
  49  4:51  Drone  
  58  4:56  Extractor x2  
  56  5:06  Drone x2  
  58  5:08  Overlord  
  58  5:10  Lair  
  58  5:16  Overlord x3  
  58  5:30  Extractor  
  58  5:32  Spine Crawler  
  58  5:33  Drone x9  
  58  5:34  Extractor  
  61  5:59  Drone x5  
  61  6:00  Drone x3  
  69  6:09  Roach Warren  
  69  6:10  Drone  
  69  6:11  Drone x5  
  74  6:17  Zerg Missile Weapons Level 1  
  74  6:20  Zerg Ground Armor Level 1  
  74  6:32  Spore Crawler  
  73  6:34  Spore Crawler  
  73  6:36  Spore Crawler  
  71  6:51  Drone x2  
  71  6:52  Drone x2  
  75  6:56  Drone x3  
  75  6:57  Hatchery  
  75  6:58  Hydralisk Den  
  76  7:05  Drone x3  
  76  7:06  Drone  
  76  7:07  Drone, Roach  
  76  7:08  Roach  
  83  7:19  Drone x3  
  86  7:27  Queen  
  86  7:29  Hatchery  
  87  7:30  Roach  
  89  7:41  Overlord x7  
  89  7:58  Hydralisk x5  
  89  7:59  Hydralisk x4  
  89  8:02  Glial Reconstitution  
  89  8:04  Grooved Spines  
  107  8:08  Overlord, Hatchery  
  107  8:09  Hydralisk  
  107  8:10  Roach x3  
  114  8:13  Zerg Missile Weapons Level 2  
  114  8:14  Zerg Ground Armor Level 2  
  114  8:15  Extractor  
  114  8:17  Extractor  
  112  8:20  Hydralisk Den  
  112  8:21  Hydralisk  
  112  8:23  Overlord  
  112  8:24  Drone, Lurker Den  
  113  8:38  Hydralisk x6  
  119  9:01  Hydralisk  
  119  9:02  Hydralisk, Roach x10  
  143  9:13  Hydralisk x4  
  143  9:16  Muscular Augments  
  143  9:28  Hydralisk x6  
  145  9:31  Roach x2  
  145  9:42  Zergling x18  
  152  9:47  Hydralisk  
  152  9:48  Hydralisk  
  138  10:10  Roach x2  
  138  10:11  Roach x11  
  162  10:17  Drone x5  
  162  10:18  Drone  
  160  10:39  Hydralisk x5  
  159  10:44  Hydralisk x5  
  159  10:45  Hydralisk  
  155  10:53  Hydralisk x3  
  137  11:12  Hydralisk x9  
  137  11:14  Roach  
  137  11:15  Roach  
  141  11:25  Roach x6  
  151  11:32  Hydralisk x4  
  157  11:35  Drone  
  157  11:37  Extractor  
  157  11:38  Extractor  
  158  11:40  Hydralisk x2  
  158  11:46  Lurker x6  
  166  11:54  Roach x2  
  166  11:58  Overseer x2  
  161  12:22  Overlord  
  161  12:23  Overlord  
  161  12:24  Hydralisk x2  
  161  12:25  Overlord x3  
Show
View Real Time Build Order
Export as new Build Order

Hillel Zerg 

Build Orders: Hatch First 

Get SALT Encoding   

  12  0:01  Drone  
  13  0:14  Overlord  
  13  0:17  Drone  
  14  0:33  Drone x2  
  16  0:39  Drone  
  17  0:56  Hatchery  
  17  0:57  Drone  
  17  1:00  Drone  
  17  1:03  Extractor  
  17  1:16  Spawning Pool  
  16  1:19  Drone  
  17  1:33  Drone x2  
  19  1:41  Overlord  
  19  1:53  Drone  
  20  2:03  Zergling x2  
  20  2:04  Queen  
  23  2:08  Drone, Queen  
  23  2:12  Metabolic Boost  
  26  2:16  Drone  
  27  2:24  Drone  
  27  2:25  Drone  
  29  2:34  Drone  
  30  2:40  Queen  
  30  2:42  Baneling Nest  
  31  2:46  Zergling x4  
  34  2:51  Zergling x4  
  34  3:01  Drone, Overlord  
  35  3:31  Drone x5  
  35  3:32  Drone  
  35  3:33  Baneling  
  41  3:35  Hatchery  
  40  3:54  Baneling  
  40  3:55  Baneling  
  40  4:01  Drone x3  
  40  4:02  Overlord x3  
  43  4:03  Overlord  
  43  4:37  Zergling x14  
  50  4:53  Drone  
  50  4:54  Drone x5  
  56  5:01  Roach Warren  
  56  5:03  Extractor  
  56  5:06  Extractor  
  53  5:10  Drone x3  
  53  5:11  Drone x2  
  53  5:14  Drone x3  
  60  5:17  Extractor  
  60  5:30  Baneling x3  
  55  6:07  Roach  
  55  6:08  Roach x6  
  69  6:17  Overlord x2, Evolution Chamber, Lair  
  69  6:18  Overlord x3  
  68  6:19  Evolution Chamber  
  68  6:20  Roach x2  
  71  6:26  Hatchery  
  71  6:30  Extractor  
  69  6:34  Drone x2  
  69  6:39  Drone x5  
  76  6:44  Drone x3  
  80  6:47  Drone x3  
  80  6:49  Roach  
  84  7:17  Roach x13  
  84  7:18  Roach x2  
  84  7:20  Glial Reconstitution  
  84  7:22  Zerg Missile Weapons Level 1, Zerg Ground Armor Level 1  
  114  7:26  Drone  
  114  7:27  Drone x3  
  118  7:40  Roach x5  
  118  7:44  Pneumatized Carapace  
  128  7:46  Overlord x4  
  128  7:47  Overlord  
  128  7:52  Extractor  
  128  7:56  Queen, Spine Crawler  
  128  8:06  Drone  
  128  8:07  Drone x4  
  133  8:13  Drone  
  133  8:14  Drone x4  
  138  8:25  Drone x4  
  138  8:26  Drone x3  
  145  8:34  Baneling x4  
  145  8:35  Baneling x4, Hydralisk Den  
  144  8:59  Roach x2  
  144  9:00  Roach x2  
  144  9:02  Overlord x3  
  152  9:03  Overlord x3  
  152  9:10  Overlord x5  
  152  9:23  Zerg Missile Weapons Level 2  
  144  9:35  Hydralisk  
  144  9:36  Hydralisk x14  
  174  9:44  Overseer x2  
  174  9:52  Extractor  
  173  9:53  Extractor  
  173  9:56  Zerg Ground Armor Level 2  
  162  10:02  Roach x3  
  162  10:03  Roach x6  
  152  10:11  Zergling x2  
  152  10:12  Zergling x4  
  145  10:15  Hydralisk x5  
  134  10:46  Hydralisk x6  
  134  10:49  Hydralisk  
  131  10:50  Hydralisk x9  
  131  10:56  Baneling  
  148  11:07  Hydralisk x6  
  126  11:21  Hydralisk  
  126  11:22  Zergling x2  
  126  11:23  Zergling x16  
  132  11:30  Hydralisk  
  132  11:31  Hydralisk x2  
  132  11:56  Baneling x6  
  132  12:13  Drone x2  
  124  12:22  Overseer  
  124  12:32  Overseer  
  124  12:39  Lurker Den  
Tags
 
Composition
Lurkers
Matchup
ZvZ
Race
Zerg
Spawn Locations
Cross Positions
Add a new tag
Caveats
  • Supply blocks, unpowered buildings, or Contaminate may cause inaccurate times.
  • Supply counts are checked every 10 seconds.